 Dungeon Crawl Stone Soup version 0.26-a0-259-g1effd001a9 (webtiles) character file.

Game seed: 7924402581537788830

399 Lugonue the Magician (level 6, -8/32 HPs)
             Began as a Deep Elf Fire Elementalist on July 24, 2020.
             Mangled by an orc warrior
             ... wielding a +0 war axe
              (18 damage)
             ... on level 3 of the Dungeon.
             The game lasted 00:07:02 (5181 turns).

Lugonue the Magician (Deep Elf Fire Elementalist)   Turns: 5181, Time: 00:07:02

Health: -8/32      AC:  7    Str:  5    XL:     6   Next: 54%
Magic:  11/17      EV: 14    Int: 22    God:
Gold:   122        SH:  0    Dex: 15    Spells: 10/17 levels left

rFire    . . .     SeeInvis .   (no weapon)
rCold    . . .     Faith    .   (no shield)
rNeg     . . .     Spirit   .   a - +0 robe
rPois    .         Reflect  .   j - +2 helmet "Trusted Companion" {rCorr}
rElec    .         Harm     +   l - scarf {harm}
rCorr    +                      p - +0 pair of gloves
MR       +....                  i - +0 pair of boots
Stlth    ++........             (no amulet)
HPRegen  0.10/turn              h - ring of protection from magic
MPRegen  0.15/turn              (no ring)

@: no status effects
A: no striking features
a: no special abilities


You were on level 3 of the Dungeon.
You were not hungry.

You visited 1 branch of the dungeon, and saw 4 of its levels.

You collected 122 gold pieces.

Inventory:

Missiles
 d - a throwing net (quivered)
Armour
 a - a +0 robe (worn)
 i - a +0 pair of boots (worn)
 j - the +2 helmet "Trusted Companion" (worn) {rCorr}
   (You took it off Robin on level 2 of the Dungeon)

   It provides partial protection from all sources of acid and corrosion.
 l - a scarf of harm (worn)
 p - a +0 pair of gloves (worn)
Jewellery
 h - a ring of protection from magic (left hand)
 o - an uncursed ring of protection from fire {unknown}
Scrolls
 b - 3 scrolls of amnesia {unknown}
 e - 2 scrolls of remove curse {unknown}
 f - 3 scrolls of identify {unknown}
 g - 2 scrolls of teleportation {unknown}
 m - a scroll of fear {unknown}
Potions
 k - a potion of curing {unknown}
 n - a potion of lignification {unknown}
Comestibles
 c - 8 rations


   Skills:
 + Level 0.1 Fighting
 * Level 4.0 Dodging
 + Level 3.0 Stealth
 * Level 6.2 Spellcasting
 + Level 3.4 Conjurations
 + Level 0.1 Hexes
 + Level 4.6 Fire Magic


You had 10 spell levels left.
You knew the following spells:

 Your Spells              Type           Power        Failure   Level
a - Foxfire               Conj/Fire      ###.         1%          1
b - Conjure Flame         Conj/Fire      ###.....     4%          3
c - Inner Flame           Hex/Fire       ###.....     10%         3

Your spell library contained the following spells:

 Spells                   Type           Power        Failure   Level
 Sticky Flame             Conj/Fire      ###.....     17%         4
 Fireball                 Conj/Fire      ###.......   43%         5


Dungeon Overview and Level Annotations

Branches:
Dungeon (4/15)
 Temple: D:4-7

Altars:
Zin


Message History

Nothing appears to happen.
The foxfire hits the orc priest.
The orc priest is heavily wounded.
Casting: Foxfire (safe; 1% risk of failure)
Confirm with . or Enter, or press ? or * to list all spells.
You conjure some foxfire!
The foxfire hits the orc priest but does no damage.
The orc priest is heavily wounded.
Casting: Foxfire (safe; 1% risk of failure)
Confirm with . or Enter, or press ? or * to list all spells.
Nothing appears to happen.
Casting: Foxfire (safe; 1% risk of failure)
Confirm with . or Enter, or press ? or * to list all spells.
Nothing appears to happen.
The orc priest hits you with a +0 flail.
You aren't carrying any items that you can evoke.
Unknown command.
You climb upwards.
The orc warrior hits you with a +0 war axe!
Ouch! That really hurt!
You die...

#.....)............# #.# #.
#####.##.#########.#######.# #.
#.##.# #.......#.# ## ######.##.#
#######.#.# .....#.##.# #.#.#
####.#.##.######## #.#.#
####.#.##........########.#.#
.......#########o#........#.#
####...#### #@#.######.#.#
####......# #o#.# #)#.###
.......##.# #.#.# #.....#
####...##.# #.#.# #.#.#.#
##........######.#.######.#.#.#
............................#.###
##........###############.......#
####...##<# #####.#.# .<.....##.#
#.#.#


You could see an orc warrior and an orc priest.

Vanquished Creatures
  A phantom (D:4)
  An orc priest (D:2)
  2 orc wizards
  A worker ant (D:4)
  Robin (D:2)
  A gnoll (D:1)
  5 adders
  3 oozes
  4 worms
  6 dart slugs
  2 leopard geckos (D:3)
  8 orcs
  2 giant cockroaches
  18 goblins
  7 hobgoblins (D:2)
  5 jackals
  3 quokkas (D:3)
  A ball python (D:3)
  4 bats
  5 frilled lizards
  6 kobolds
  10 rats
96 creatures vanquished.

Vanquished Creatures (others)
  456 foxfires
456 creatures vanquished.

Grand Total: 552 creatures vanquished

Notes
Turn   | Place    | Note
-------+----------+-------------------------------------------
     0 | D:1      | Lugonue the Deep Elf Fire Elementalist began the quest for
                  | the Orb.
     0 | D:1      | Reached XP level 1. HP: 10/10 MP: 6/6
   352 | D:1      | Reached XP level 2. HP: 15/15 MP: 2/8
   661 | D:1      | Reached XP level 3. HP: 19/19 MP: 5/10
  1290 | D:1      | Reached skill level 4 in Spellcasting
  1865 | D:2      | Identified the +2 helmet "Trusted Companion" {rCorr}
  1865 | D:2      | Noticed Robin
  1971 | D:2      | Killed Robin
  1971 | D:2      | Reached XP level 4. HP: 16/24 MP: 6/12
  2176 | D:2      | Learned a level 3 spell: Conjure Flame
  2640 | D:2      | Reached skill level 5 in Spellcasting
  2640 | D:2      | Reached XP level 5. HP: 28/28 MP: 7/14
  3965 | D:3      | Found a glowing silver altar of Zin.
  4456 | D:3      | Learned a level 3 spell: Inner Flame
  4825 | D:4      | Reached XP level 6. HP: 32/32 MP: 11/16
  4976 | D:4      | Reached skill level 6 in Spellcasting
  5040 | D:4      | Noticed an orc warrior
  5181 | D:3      | Mangled by an orc warrior

Illustrated notes

Levels and vault maps discovered:
D:1:      dpeg_arrival_arbitrary_b, layout_loops_ring
D:2:      cheibrodos_pilgrimage, layout_loops_corners, uniq_robin
D:3:      layout_loops_ring, lemuel_crystal_altar
D:4:      layout_basic, first_ration, chequers_big_river

Skill      XL: |  1  2  3  4  5  6 |
---------------+-------------------+-----
Conjurations   | 2 3 |  3.4
Spellcasting   | 4 5 6 |  6.2
Dodging        | 3 4 |  4.0
Fire Magic     | 4 |  4.6
Stealth        | 3 |  3.0
Fighting       | |  0.1
Hexes          | |  0.1

Action                   |  1- 3 |  4- 6 || total
-------------------------+-------+-------++-------
Melee: Unarmed           |       |     1 ||     1
 Cast: Foxfire           |   107 |   231 ||   338
       Conjure Flame     |       |     2 ||     2
       Inner Flame       |       |     3 ||     3
  Eat: Ration            |     1 |     3 ||     4
Armor: Robe              |     2 |     8 ||    10
Dodge: Dodged            |    18 |    21 ||    39

Table legend:
 A = Non-vault XP
 B = Vault XP
 C = Vault XP percentage of total XP
 D = Non-vault monster count
 E = Vault monster count
 F = Vault count percentage of total count
                 A         B        C        D         E       F
            +---------+---------+-------+---------+---------+-------
      Total |     443 |     128 |  22.4 |      79 |      17 |  17.7
            +---------+---------+-------+---------+---------+-------
        D:1 |      68 |       0 |   0.0 |      24 |       0 |   0.0
        D:2 |      78 |     128 |  62.1 |      22 |      17 |  43.6
        D:3 |      91 |       0 |   0.0 |      27 |       0 |   0.0
        D:4 |     206 |       0 |   0.0 |       6 |       0 |   0.0
            +---------+---------+-------+---------+---------+-------
